 Dungeon Crawl Stone Soup version 0.14-a0-586-g2535b90 (webtiles) character file.

288 PolkaDot the Slasher (level 4, -4/34 HPs)
             Began as a Vampire Gladiator on Nov 4, 2013.
             Killed by divine providence
             ... invoked by an orc priest
              (15 damage)
             ... on Level 4 of the Dungeon.
             The game lasted 00:07:35 (2053 turns).

PolkaDot the Slasher (Vampire Gladiator)            Turns: 2053, Time: 00:07:35

HP  -4/34        AC  5     Str 14      XL: 4   Next: 68%
MP   4/4         EV 12     Int 10      God:
Gold 173         SH  0     Dex 15      Spells:  0 memorised,  3 levels left

Res.Fire  : . . .   See Invis. : +   a - +1,+0 falchion
Res.Cold  : + . .   Warding    : .   b - +0 leather armour
Life Prot.: . . .   Conserve   : .   (no shield)
Res.Poison: .       Res.Corr.  : .   c - +0 helmet
Res.Elec. : .       Clarity    : .   e - +0 cloak
Sust.Abil.: . .     Spirit.Shd : .   (no gloves)
Res.Mut.  : .       Stasis     : .   (no boots)
Res.Rott. : .       Flight     : .   j - amulet of faith {unknown}
Saprovore : . . .                    (no ring)
                                     l - ring of protection from cold {unknown}

@: regenerating quickly, slightly resistant to hostile enchantments, unstealthy
A: fangs 3, see invisible, unbreathing
a: no special abilities


You were on level 4 of the Dungeon.
You were very full.

You visited 1 branch of the dungeon, and saw 4 of its levels.

You collected 173 gold pieces.

Inventory:

Hand weapons
 a - a +1,+0 falchion (weapon)
Missiles
 d - 3 throwing nets (quivered)
Armour
 b - a +0 leather armour (worn)
 c - a +0 helmet (worn)
 e - a +0 cloak (worn)
Scrolls
 g - a scroll of curse weapon {unknown}
 h - 4 scrolls of identify {unknown}
 i - 2 scrolls of noise {unknown}
 n - a scroll of fear {unknown}
 o - 2 scrolls of teleportation {unknown}
 p - a scroll of remove curse {unknown}
 q - a scroll of magic mapping {unknown}
 r - 3 scrolls of enchant weapon II {unknown}
Jewellery
 j - an amulet of faith (around neck) {unknown}
 l - a ring of protection from cold (left hand) {unknown}
 s - an uncursed amulet of conservation {unknown}
Potions
 f - a potion of agility {unknown}
 k - a potion of speed
 m - a potion of curing
 t - a potion of restore abilities
 u - a potion of confusion {unknown}


   Skills:
 - Level 1.7 Fighting
 * Level 5.5 Long Blades
 - Level 1.5 Throwing
 - Level 3.2 Dodging


You had 3 spell levels left.
You didn't know any spells.

Dungeon Overview and Level Annotations

Branches:
Dungeon (4/27)
 Temple: D:4-7

Altars:
Okawaru
Zin

Annotations:
D:3 Shauncat's ghost, average DsTm


Innate Abilities, Weirdness & Mutations

Your natural rate of healing is unusually fast.
You have razor-sharp teeth.*
You have supernaturally acute eyesight.
You can survive without breathing.*


Message History

You kill the orc!
The orc priest calls down the wrath of Beogh upon you.
Pain shoots through your body! The orc misses you.
The orc priest barely misses you.
You hit the orc priest.
The orc priest is heavily wounded.
The orc hits you with an orcish short sword.
You hit the orc priest.
The orc priest is severely wounded.
The orc priest barely misses you.
The orc hits you with an orcish short sword.
You hit the orc priest but do no damage.
The orc priest is severely wounded.
The orc priest mumbles some strange prayers to Beogh against you.
Something smites you! The orc hits you but does no damage.
You closely miss the orc priest.
The orc priest is severely wounded.
The orc priest invokes the aid of Beogh against you.
Something smites you!
You die...

...# ..# ... #oo###.# ...
#o.....# ... #.####.######...
#####.o............. ###+###
#....o.###.####..... #.....#
#)####.#.#.# #<.... #.....#
#.####.#.#.# ###### #.....#
#.o@o..#...# #.....#
########.######## #.....#
.................
#.....###########......######
#.....'...# #......##<..#
#.....###.#######.#######.#^#
#.....# #................)).#
#.....# ##########.......####
###'### #.. +......))..+


You could see an orc priest and an orc.

Vanquished Creatures
  A hound (D:4)
  An adder (D:2)
  An inept feature mimic (D:3)
  3 worms
  An ooze (D:1)
  5 orcs (D:4)
  3 giant cockroaches
  3 goblins
  4 hobgoblins
  A quokka (D:3)
  A ball python (D:3)
  5 bats
  3 giant geckos
  4 giant newts
  7 kobolds
  8 rats
51 creatures vanquished.

Notes
Turn   | Place    | Note
--------------------------------------------------------------
     0 | D:1      | PolkaDot, the Vampire Gladiator, began the quest for the Orb.
     0 | D:1      | Reached XP level 1. HP: 17/17 MP: 1/1
   152 | D:1      | Reached XP level 2. HP: 10/23 MP: 2/2
   660 | D:2      | Reached skill level 4 in Long Blades
   689 | D:2      | Reached XP level 3. HP: 9/28 MP: 3/3
   908 | D:2      | Found a glowing silver altar of Zin.
  1080 | D:2      | Found an iron altar of Okawaru.
  1661 | D:3      | Reached skill level 5 in Long Blades
  1661 | D:3      | Reached XP level 4. HP: 7/34 MP: 4/4
  1696 | D:3      | Noticed Shauncat's ghost (average DsTm)
  2053 | D:4      | Killed from afar by an orc priest

Action                   |  1- 3 |  4- 6 || total
-------------------------+-------+-------++-------
Melee: Falchion          |   132 |    80 ||   212
  Use: Potion            |     3 |     2 ||     5
